 Dungeon Crawl Stone Soup version 0.28.0-53-g5a82cb258f (webtiles) character file.

Game seed: 15525685118833300249

29 dranuc9 the Conjurer (level 3, 19/19 HPs)
             Began as a Deep Elf Conjurer on June 26, 2022.
             Quit the game on level 1 of the Dungeon.
             The game lasted 00:05:18 (656 turns).

dranuc9 the Conjurer (Deep Elf Conjurer)             Turns: 656, Time: 00:05:18

Health: 19/19      AC:  2    Str:  6    XL:     3   Next: 1%
Magic:  5/9        EV: 13    Int: 22    God:
Gold:   25         SH:  0    Dex: 19    Spells: 7/8 levels left

rFire   . . .      SeeInvis .   (no weapon)
rCold   . . .      Faith    .   (no shield)
rNeg    . . .      Spirit   .   a - +0 robe
rPois   .          Reflect  .   (no helmet)
rElec   .          Harm     .   (no cloak)
rCorr   .          Rampage  .   (no gloves)
Will    .....                   (no boots)
Stlth   ++........              (no amulet)
HPRegen 0.06/turn               f - +6 ring of dexterity
MPRegen 0.11/turn               (no ring)

@: no status effects
A: no striking features
a: no special abilities


You were on level 1 of the Dungeon.
You visited 1 branch of the dungeon, and saw 1 of its levels.

You collected 25 gold pieces.

Inventory:

Missiles
 h - 16 arrows
Armour
 a - a +0 robe (worn)
 i - a +0 robe
Jewellery
 f - a +6 ring of dexterity (left hand)
Scrolls
 d - a scroll of fog {unknown}
 e - a scroll of fear {unknown}
Potions
 b - a potion of curing {unknown}
 c - a potion of attraction {unknown}
 g - a potion of resistance {unknown}


   Skills:
 + Level 2.6 Dodging
 + Level 2.5 Stealth
 + Level 3.3 Spellcasting
 + Level 5.2 Conjurations


You had 7 spell levels left.
You knew the following spells:

 Your Spells              Type           Power      Damage    Failure   Level
a - Magic Dart            Conj           100%       1d8       1%          1

Your spell library contained the following spells:

 Spells                   Type           Power      Damage    Failure   Level
 Searing Ray              Conj           52%        2d6       2%          2
 Dazzling Flash           Conj/Hex       30%        N/A       12%         3
 Fulminant Prism          Conj/Hex       7%         3d7       38%         4
 Iskenderun's Mystic Bla  Conj/Tloc      15%        2d5       38%         4


Dungeon Overview and Level Annotations

Branches:
Dungeon (1/15)

Altars:

Shops:
D:1 ?


Message History

Aim: a rat (moderately wounded, 100% to hit)
The magic dart hits the rat.
You kill the rat!
You now have 25 gold pieces (gained 7).
A giant cockroach comes into view.
Casting: Magic Dart (safe; 1% risk of failure)
Confirm with . or Enter, or press ? or * to list all spells.
Aiming: Magic Dart (safe; 1% risk of failure)
Press: ? - help, Shift-Dir - straight line, f - giant cockroach
Aim: a giant cockroach (asleep, 100% to hit)
The magic dart hits the giant cockroach.
The giant cockroach is severely wounded.
You start resting.
A giant cockroach is nearby!
A giant cockroach is nearby!
Casting: Magic Dart (safe; 1% risk of failure)
Confirm with . or Enter, or press ? or * to list all spells.
Aiming: Magic Dart (safe; 1% risk of failure)
Press: ? - help, Shift-Dir - straight line, f/p - giant cockroach
Aim: a giant cockroach (heavily wounded, 100% to hit)
The magic dart hits the giant cockroach.
The giant cockroach is almost dead.
A goblin comes into view. It is wielding a +0 dagger.
The giant cockroach misses you.
Casting: Magic Dart (safe; 1% risk of failure)
Confirm with . or Enter, or press ? or * to list all spells.
Aiming: Magic Dart (safe; 1% risk of failure)
Press: ? - help, Shift-Dir - straight line, f/p - giant cockroach
Aim: a giant cockroach (almost dead, 100% to hit)
The magic dart hits the giant cockroach.
You kill the giant cockroach!
The goblin shouts!
You have reached level 3!
Your experience leads to an increase in your attributes!
Your base attributes are Str 4, Int 22, Dex 13.
Increase (S)trength, (I)ntelligence, or (D)exterity?
You feel stronger. x2
Unknown command.
Unknown command.
Are you sure you want to abandon this character and quit the game? (Confirm with "yes".)

#..##
#.......####
##..###
#...###......
#....#######
..## ......#
#..#†...........
##.###
#).........#...
##.####......#
#.# . ..#
#####.#######g#
#...........@.#
#..........####
#..........#
#..........#
#.........##
#..†......#
#.........#
#.........#
#.........#


You could see a goblin.

Vanquished Creatures
  A dart slug (D:1)
  3 bats (D:1)
  An endoplasm (D:1)
  2 giant cockroaches (D:1)
  2 goblins (D:1)
  A hobgoblin (D:1)
  3 jackals (D:1)
  A quokka (D:1)
  2 ball pythons (D:1)
  4 frilled lizards (D:1)
  3 kobolds (D:1)
  A rat (D:1)
24 creatures vanquished.

Notes
Turn   | Place    | Note
-------+----------+-------------------------------------------
     0 | D:1      | dranuc9 the Deep Elf Conjurer began the quest for the Orb.
     0 | D:1      | Reached XP level 1. HP: 10/10 MP: 6/6
    76 | D:1      | Found a faded altar of an unknown god.
   128 | D:1      | Reached XP level 2. HP: 10/15 MP: 1/8
   348 | D:1      | Reached skill level 5 in Conjurations
   525 | D:1      | Found Qaackawy's Magic Scroll Shoppe.
   656 | D:1      | Reached XP level 3. HP: 19/19 MP: 5/9
   656 | D:1      | Quit the game

Illustrated notes

Levels and vault maps discovered:
D:1:      dpeg_arrival_yet_another_circle, layout_rooms, serial_shops,
          nicolae_shop_competitors_out_of_business,
          hellmonk_ecumenical_altar_blasted

Skill      XL: |  1  2 |
---------------+-------+-----
Conjurations   | 5 |  5.2
Dodging        | |  2.6
Stealth        | |  2.5
Spellcasting   | |  3.3

Action                   || total
-------------------------++-------
 Cast: Magic Dart        ||    43
Dodge: Dodged            ||     5
